 Dungeon Crawl Stone Soup version 0.29.1-1-gd02db6906a (webtiles) character file.

Game seed: 9557288138082800163

263 LustLizard the Trooper (level 5, -3/42 HPs)
             Began as a Demonspawn Fighter on Oct 8, 2022.
             Slain by Rudyous's ghost (5 damage)
             ... on level 4 of the Dungeon.
             The game lasted 00:05:21 (3082 turns).

LustLizard the Trooper (Demonspawn Fighter)         Turns: 3082, Time: 00:05:22

Health: -3/42      AC: 10    Str: 16    XL:     5   Next: 98%
Magic:  5/5        EV:  6    Int: 10    God:
Gold:   191        SH:  4    Dex: 14    Spells: 4/4 levels left

rFire   . . .      SeeInvis .   v - +1 whip (venom)
rCold   . . .      Faith    .   c - +0 buckler
rNeg    . . .      Spirit   .   i - +0 chain mail
rPois   .          Reflect  .   (no helmet)
rElec   .          Harm     .   l - +0 cloak
rCorr   .          Rampage  .   (no gloves)
Will    .....                   (no boots)
Stlth   ..........              (no amulet)
HPRegen 0.14/turn               (no ring)
MPRegen 0.18/turn               (no ring)

@: mighty
A: ignite blood 1, magic regeneration
a: no special abilities


You were on level 4 of the Dungeon.
You visited 1 branch of the dungeon, and saw 4 of its levels.

You collected 191 gold pieces.

Inventory:

Hand Weapons
 a - a +0 long sword
 k - a +0 whip of electrocution
 v - a +1 whip of venom (weapon)
Missiles
 m - 29 stones
 o - 4 boomerangs (quivered)
 y - 13 poisoned darts
Armour
 b - a +0 scale mail
 c - a +0 buckler (worn)
 i - a +0 chain mail (worn)
 l - a +0 cloak (worn)
Jewellery
 x - a ring of poison resistance
Scrolls
 f - 2 scrolls of blinking {unknown}
 n - a scroll of magic mapping {unknown}
 p - a scroll of identify {unknown}
 q - a scroll of enchant weapon {unknown}
 r - a scroll of poison
 s - a scroll of noise {unknown}
 t - a scroll of amnesia {unknown}
 u - a scroll of enchant armour {unknown}
 w - 3 scrolls of butterflies {unknown}
 B - a scroll of silence {unknown}
Potions
 e - a potion of ambrosia {unknown}
 g - 2 potions of curing {unknown}
 h - 2 potions of heal wounds {unknown}
 j - a potion of flight {unknown}
 z - a potion of degeneration {unknown}
 A - a potion of resistance {unknown}


   Skills:
 + Level 4.0 Fighting
 * Level 4.0 Long Blades
 * Level 2.8 Throwing
 - Level 2.6 Armour
 - Level 2.6 Shields


You had 4 spell levels left.
You didn't know any spells.
Your spell library contained the following spells:

 Spells                   Type           Power      Damage    Failure   Level
 Gell's Gravitas          Tloc           0%         N/A       100%        3
 Inner Flame              Hex/Fire       0%         N/A       100%        3
 Lesser Beckoning         Tloc           0%         N/A       100%        3
 Teleport Other           Tloc           0%         N/A       100%        3
 Animate Dead             Necr           0%         N/A       100%        4
 Cause Fear               Hex            0%         N/A       100%        4
 Borgnjor's Vile Clutch   Necr/Erth      0%         N/A       100%        5
 Death Channel            Necr           0%         N/A       100%        6
 Discord                  Hex            0%         N/A       100%        8


Dungeon Overview and Level Annotations

Branches:
Dungeon (4/15)
 Temple: D:4-7

Altars:
Ashenzari
Fedhas

Annotations:
D:4 Rudyous's ghost, amateur DsGl


Innate Abilities, Weirdness & Mutations

Your demonic aura sometimes causes spilled blood to erupt in flames.
You regenerate magic rapidly.


Message History

You kill Edmund!
Your Fighting skill increases to level 4!
Your Long Blades skill increases to level 4!
You open the door. You miss Rudyous's ghost. Rudyous's ghost barely misses you.
You whack Rudyous's ghost!
Rudyous's ghost is lightly damaged.
Rudyous's ghost ducks and says, "Too high!"
Rudyous's ghost hits you.
You closely miss Rudyous's ghost.
Rudyous's ghost is lightly damaged.
Rudyous's ghost whispers, "The ORB doesn't exist."
Rudyous's ghost hits you but does no damage.
You barely miss Rudyous's ghost.
Rudyous's ghost is lightly damaged.
Rudyous's ghost hits you!
Rudyous's ghost hits you but does no damage.
You hit Rudyous's ghost.
Rudyous's ghost is moderately damaged.
Rudyous's ghost wails, "You will join me soon!"
Rudyous's ghost hits you!
You hit Rudyous's ghost.
Rudyous's ghost is heavily damaged.
Rudyous's ghost dodges and says, "Too slow!"
Rudyous's ghost hits you!
* * * LOW HITPOINT WARNING * * *
You whack Rudyous's ghost!
Rudyous's ghost is heavily damaged.
Rudyous's ghost hits you.
* * * LOW HITPOINT WARNING * * *
You hit Rudyous's ghost.
Rudyous's ghost is severely damaged.
Rudyous's ghost hits you but does no damage.
You barely miss Rudyous's ghost.
Rudyous's ghost is severely damaged.
Rudyous's ghost hits you but does no damage.
You miss Rudyous's ghost.
Rudyous's ghost is severely damaged.
Rudyous's ghost hits you.
You die...

##.###.###.#.##.........#####
####.##
##.#......).............
##....#
#.##.#.##.#.###.#.#####
#.....# #....#.......# #.#
#.@###.# #.###.........## #.#
#..# ....# #............#.#
...†...### #...####..####.#
#..##### #...#..#..####.#
.... #..@W[8#......>#### #.@#
#...#.P#..........# #..#
###.#######.#.#####.# #..#
#...........#.# #.## #..#
#†#†#########.# #... .....#
#.# #.## .....### #.#####.##
##.### #......... #.
######..##


You could see Rudyous's ghost.

Vanquished Creatures
  Edmund (D:4)
  An iguana (D:4)
  3 gnolls (D:3)
  An adder (D:2)
  3 worms
  2 dart slugs
  8 ball pythons
  5 endoplasms
  3 giant cockroaches
  6 goblins
  4 hobgoblins
  4 jackals (D:4)
  13 kobolds
  4 quokkas
  10 bats
  A frilled lizard (D:1)
  6 rats
75 creatures vanquished.

Vanquished Creatures (others)
  3 plants (D:2)
  A withered plant (D:4)
4 creatures vanquished.

Grand Total: 79 creatures vanquished

Notes
Turn   | Place    | Note
-------+----------+-------------------------------------------
     0 | D:1      | LustLizard the Demonspawn Fighter began the quest for the
                  | Orb.
     0 | D:1      | Reached XP level 1. HP: 18/18 MP: 1/1
   284 | D:1      | Gained mutation: Your demonic aura sometimes causes spilled
                  | blood to erupt in flames. [demonic ancestry]
   284 | D:1      | Reached XP level 2. HP: 22/24 MP: 2/2
  1037 | D:2      | Reached XP level 3. HP: 28/29 MP: 3/3
  1127 | D:2      | Reached skill level 1 in Throwing
  1488 | D:2      | Found a faded altar of an unknown god.
  1618 | D:2      | Gained mutation: You regenerate magic rapidly. [demonic
                  | ancestry]
  1618 | D:2      | Reached XP level 4. HP: 29/35 MP: 4/4
  1853 | D:3      | Found a broken altar of Ashenzari.
  2242 | D:3      | Found a blossoming altar of Fedhas.
  2460 | D:3      | You fall into a shaft and drop 1 floor!
  2911 | D:4      | Found a runed translucent door.
  2911 | D:4      | Noticed Rudyous's ghost (amateur DsGl)
  2919 | D:4      | Reached XP level 5. HP: 34/42 MP: 5/5
  3030 | D:4      | Noticed Edmund
  3064 | D:4      | Killed Edmund
  3078 | D:4      | HP: 2/42 [Rudyous's ghost (11)]
  3082 | D:4      | Slain by Rudyous's ghost

Illustrated notes

Levels and vault maps discovered:
D:1:      nzn_arrival_depleted_hourglass, layout_loops_ring,
          amcnicky_mini_corridor_feature
D:2:      layout_basic, shapermc_ecumenical_altar_mp_ritualfount
D:3:      layout_loops_ring, evilmike_ruin_ashenzari,
          mainiacjoe_overflow_brackets, serial_glass, glass_columns_a,
          glass_columns_a, glass_columns_b, glass_columns_a, serial_bayou_pond_e
D:4:      layout_loops_ring, gammafunk_ghost_grave, uniq_edmund

Skill      XL: |  1  2  3  4  5 |
---------------+----------------+-----
Long Blades    | 2 3 4 |  4.0
Throwing       | 1 2 |  2.8
Fighting       | 4 |  4.0
Armour         | |  2.6
Shields        | |  2.6

Action                   |  1- 3 |  4- 6 || total
-------------------------+-------+-------++-------
Melee: Long sword        |    42 |       ||    42
       Whip              |   102 |    91 ||   193
Throw: Stone             |     2 |       ||     2
       Boomerang         |     3 |    18 ||    21
  Use: Scroll            |       |     2 ||     2
       Potion            |       |     1 ||     1
Armor: Chain mail        |   106 |    46 ||   152
       Scale mail        |     4 |       ||     4
Dodge: Dodged            |    42 |    15 ||    57
Block: Buckler           |    33 |    14 ||    47
